 Dungeon Crawl Stone Soup version 0.21-a0-113-g6841d05 (webtiles) character file.

177 Lianjan the Cudgeler (level 5, -8/53 HPs)
             Began as an Ogre Warper on July 12, 2017.
             Mangled by a gnoll
             ... wielding a +0 halberd
              (13 damage)
             ... on level 3 of the Dungeon.
             The game lasted 00:08:59 (4607 turns).

Lianjan the Cudgeler (Ogre Warper)                  Turns: 4607, Time: 00:08:59

Health: -8/53      AC:  3    Str: 15    XL:     5   Next: 57%
Magic:  5/9        EV: 10    Int: 15    God:
Gold:   122        SH:  0    Dex:  8    Spells: 3/10 levels left

rFire    . . .     SeeInvis .   a - +0 mace
rCold    . . .     Gourm    +   (no shield)
rNeg     . . .     Faith    .   b - +0 robe
rPois    .         Spirit   .   (helmet restricted)
rElec    .         Reflect  .   (no cloak)
rCorr    .         Harm     .   (gloves unavailable)
MR       .....                  (boots unavailable)
Stlth    +.........             h - amulet of the gourmand
HPRegen  0.17/turn              m - ring of flight
MPRegen  0.11/turn              (no ring)

@: no status effects
A: unfitting armour, tough skin 1
a: Evoke Flight


You were on level 3 of the Dungeon.
You were near starving.

You visited 1 branch of the dungeon, and saw 4 of its levels.

You collected 122 gold pieces.

Inventory:

Hand Weapons
 a - a +0 mace (weapon)
 f - a +0 blowgun
Missiles
 e - 2 tomahawks of dispersal (quivered)
 l - 14 poisoned needles
 n - a throwing net
Armour
 b - a +0 robe (worn)
Jewellery
 h - an amulet of the gourmand (around neck)
 m - a ring of flight (left hand)
Wands
 r - a wand of lightning (12/15)
Scrolls
 d - a scroll of blinking
 i - a scroll of amnesia
 j - a scroll of remove curse
Books
 c - a book of Spatial Translocations

   Spells                             Type                      Level
   a - Blink                          Translocation                2
   b - Shroud of Golubria             Charms/Translocation         2
   c - Lesser Beckoning               Translocation                3
   d - Gell's Gravitas                Translocation                3
   e - Teleport Other                 Translocation                3
   f - Passage of Golubria            Translocation                4
Comestibles
 o - 3 fruits


   Skills:
 + Level 3.1 Fighting
 + Level 3.9 Maces & Flails
 - Level 1.0 Throwing
 - Level 2.1 Dodging
 - Level 3.2 Spellcasting
 + Level 3.5 Translocations


You had 3 spell levels left.
You knew the following spells:

 Your Spells              Type           Power        Failure   Level  Hunger
a - Blink                 Tloc           N/A          7%          2    ##.....
b - Shroud of Golubria    Chrm/Tloc      #.........   14%         2    ##.....
c - Teleport Other        Tloc           ##......     14%         3    ###....


Dungeon Overview and Level Annotations

Branches:
Dungeon (4/15)
 Temple: D:4-7

Altars:
Nemelex Xobeh
Ru
Sif Muna
Zin

Annotations:
D:4 Sigmund


Innate Abilities, Weirdness & Mutations

You are too large for most types of armour.
You have tough skin. (AC +1)


Message History

You are near starving!
The leopard gecko hisses menacingly.
The leopard gecko bites you. The gnoll hits you with a halberd!
* * * LOW HITPOINT WARNING * * *
Your shroud falls apart!
The leopard gecko bites you.
* * * LOW HITPOINT WARNING * * *
The leopard gecko barely misses you.
The gnoll hits you from afar with a halberd.
* * * LOW HITPOINT WARNING * * *
The gnoll barely misses you. The leopard gecko bites you.
* * * LOW HITPOINT WARNING * * *
Items here: )))) [[[
Okay, then.
Casting: Shroud of Golubria
Confirm with . or Enter, or press ? or * to list all spells.
You blink.
The gnoll hits you from afar with a halberd!
You die...

......###.######..##)# #.##.#
#.##..# #.........##.# #.##.#
#.##..##########.###.# #.##.#
.#.#.......# #.# #.# #.##.#
###........# #.# #.# ##.##.#
.#.##.#....# #ยง# #.# ##...#.###
#.###.##.#.#####l###.###.###..##.
### #.##.....gg......#...# #..#.#
#.####.#####@......#.###.#.## #.#
#.# ##########...###.# # #.#
##.## ##.## ##. #####.###...##
#.# #. ......##.###.###
########.# #. ######...# #...#
#........# #. # #...###>..#
#.######## #. ### #..#..>#..# #.#
#. ..# #..##)##..# #.# #.


You could see 2 gnolls and a leopard gecko.

Vanquished Creatures
  An orc priest (D:3)
  2 adders
  4 gnolls
  A shadow imp (D:3)
  An ooze (D:1)
  2 worms
  A dart slug (D:1)
  A leopard gecko (D:3)
  4 orcs (D:3)
  7 bats
  4 giant cockroaches
  8 goblins
  5 hobgoblins
  12 kobolds
  3 quokkas
  6 frilled lizards
  5 rats
67 creatures vanquished.

Notes
Turn   | Place    | Note
-------+----------+-------------------------------------------
     0 | D:1      | Lianjan the Ogre Warper began the quest for the Orb.
     0 | D:1      | Reached XP level 1. HP: 22/22 MP: 3/3
   131 | D:1      | Reached XP level 2. HP: 24/29 MP: 5/5
   136 | D:1      | Learned a level 2 spell: Blink
   139 | D:1      | Learned a level 2 spell: Shroud of Golubria
   240 | D:1      | Reached XP level 3. HP: 23/36 MP: 3/6
  1047 | D:2      | Found a glowing silver altar of Zin.
  1047 | D:2      | Found a deep blue altar of Sif Muna.
  1053 | D:2      | Found a sacrificial altar of Ru.
  1055 | D:2      | Found a sparkling altar of Nemelex Xobeh.
  1064 | D:2      | Found a faded altar of an unknown god.
  1475 | D:2      | Reached XP level 4. HP: 18/44 MP: 2/7
  2138 | D:2      | Learned a level 3 spell: Teleport Other
  2551 | D:3      | HP: 1/44 [shadow imp (4)]
  2553 | D:3      | Reached XP level 5. HP: 5/50 MP: 1/9
  4292 | D:4      | Noticed Sigmund
  4607 | D:3      | Mangled by a gnoll

Vault maps used:
D:1:      wheals_arrival_shading
D:2:      chequers_temple_overflow_minitemple
D:4:      marbit_many_paths, nicolae_ossuary_entry_catacombs, uniq_edmund,
          uniq_grinder, uniq_sigmund, uniq_pikel

Skill      XL: |  1  2  3  4  5 |
---------------+----------------+-----
Maces & Flails | 2 3 |  3.9
Translocations | 3 |  3.5
Spellcasting   | 3 |  3.2
Fighting       | 3 |  3.1
Throwing       | |  1.0
Dodging        | |  2.1

Action                   |  1- 3 |  4- 6 || total
-------------------------+-------+-------++-------
Melee: Mace              |   131 |   143 ||   274
Throw: Tomahawk          |       |     3 ||     3
 Cast: Shroud of Golubri |    21 |    30 ||    51
       Teleport Other    |       |     3 ||     3
       Blink             |       |     1 ||     1
  Use: Potion            |       |     5 ||     5
       Scroll            |       |     5 ||     5
  Eat: Chunk             |     3 |     3 ||     6
       Bread ration      |       |     1 ||     1
       Meat ration       |       |     1 ||     1
Armor: Robe              |    62 |    34 ||    96
Dodge: Dodged            |    91 |    89 ||   180
